 Dungeon Crawl Stone Soup version 0.29-a0-330-g52719c12eb (webtiles) character file.

Game seed: 13100163621128551431

20 Iscandelvey the Ducker (level 3, 25/25 HPs)
             Began as a Djinni Fire Elementalist on Apr 23, 2022.
             Quit the game on level 1 of the Dungeon.
             The game lasted 00:03:02 (1856 turns).

Iscandelvey the Ducker (Djinni Fire Elementalist)   Turns: 1856, Time: 00:03:02

Health: 25/25      AC:  2    Str:  7    XL:     3   Next: 0%
Gold:   74         EV: 12    Int: 18    God:
                   SH:  0    Dex: 13

rFire   + + .      SeeInvis .   (no weapon)
rCold   x . .      Faith    .   (no shield)
rNeg    . . .      Spirit   .   a - +0 robe
rPois   ∞          Reflect  .   (no helmet)
rElec   .          Harm     .   (no cloak)
rCorr   .          Rampage  .   (no gloves)
Will    .....                   (boots unavailable)
Stlth   ++........              (no amulet)
HPRegen 0.08/turn               (no ring)
MPRegen 0.00/turn               (no ring)

@: flying
A: sickness immunity, fire resistance 2, cold vulnerability 1, float, innate
caster, HP casting, extra vitality 1
a: no special abilities


You were on level 1 of the Dungeon.
You visited 1 branch of the dungeon, and saw 1 of its levels.

You collected 74 gold pieces.

Inventory:

Armour
 a - a +0 robe (worn)
Scrolls
 c - a scroll of fog {unknown}
 d - a scroll of enchant armour {unknown}
 f - 2 scrolls of noise {unknown}
 g - a scroll of enchant weapon {unknown}
Potions
 b - a potion of magic {unknown}
 e - a potion of curing {unknown}


   Skills:
 + Level 2.7 Dodging
 + Level 2.0 Stealth
 + Level 2.6 Spellcasting


You couldn't memorise any spells.
You knew the following spells:

 Your Spells              Type           Power      Damage    Failure   Level
a - Foxfire               Conj/Fire      48%        2x1d6     5%          1
b - Scorch                Fire           24%        2d6       9%          2
c - Conjure Flame         Conj/Fire      12%        6-21      17%         3
d - Inner Flame           Hex/Fire       12%        N/A       17%         3
e - Flame Wave            Conj/Fire      12%        2d6       50%         4
f - Summon Small Mammal   Summ           48%        N/A       5%          1
Your spell library was empty.

Dungeon Overview and Level Annotations

Branches:
Dungeon (1/15)

Altars:

Shops:
D:1 [


Innate Abilities, Weirdness & Mutations

You are immune to sickness and miasma.
You are immune to poison.
Your flesh is very heat resistant. (rF++)
You are vulnerable to cold. (rC-)
You float through the air rather than walking.
You learn spells naturally, not from books.
Your magical power is your life essence.
You have superior vitality. (+4 MHP)


Message History

You miscast Foxfire.
You are very lightly contaminated with residual magic.
Nothing appears to happen.
You conjure some foxfire!
You conjure some foxfire!
The foxfire hits the giant cockroach.
The giant cockroach is severely wounded.
The foxfire hits the giant cockroach but does no damage.
The giant cockroach is severely wounded.
A giant cockroach is nearby!
You conjure some foxfire!
The giant cockroach barely misses you.
There is not enough space to conjure foxfire!
There is not enough space to conjure foxfire!
A giant cockroach is nearby!
A giant cockroach is nearby!
The foxfire hits the giant cockroach.
You kill the giant cockroach!
You have reached level 3!
Your experience leads to an increase in your attributes!
Increase (S)trength, (I)ntelligence, or (D)exterity?
You feel clever. x2
The power to cast Summon Small Mammal wells up from within.
Spell assigned to 'f'.
Your magical contamination has completely faded away.
You see here a giant cockroach corpse.
There is an open door here.
Found a stone staircase leading down.
There is a stone staircase leading down here.
There is a stone staircase leading down here.
You see here 8 stones.
You see here 8 stones.
You reach down and open the door.
There is an open door here.
Done exploring.
Done exploring.
Done exploring.
(D) Dungeon
Where to? (? - help)
Okay, then.
There is a stone staircase leading down here.
Are you sure you want to abandon this character and quit the game? (Confirm with "yes".)

#.##.#.#....####...
#...........# ##..
##.#.#.#.#..# ##.
#...........# ##
##.#.#.#.##.# #
#.........#.#
###.#.#.#.##.#
#..........#.# #
#.#@#.#.#.##.# ##
#..........#.# #.
#.#.#.#.#.##.# ##
#.....######.#######
#.##### #........
#.# ########. #.# ##
#.########### #
#...........#


There were no monsters in sight!

Vanquished Creatures
  5 endoplasms (D:1)
  2 giant cockroaches (D:1)
  A goblin (D:1)
  2 hobgoblins (D:1)
  A quokka (D:1)
  2 ball pythons (D:1)
  2 bats (D:1)
  A frilled lizard (D:1)
  A rat (D:1)
17 creatures vanquished.

Vanquished Creatures (others)
  73 foxfires (D:1)
73 creatures vanquished.

Grand Total: 90 creatures vanquished

Notes
Turn   | Place    | Note
-------+----------+-------------------------------------------
     0 | D:1      | Iscandelvey the Djinni Fire Elementalist began the quest
                  | for the Orb.
     0 | D:1      | Reached XP level 1. HP: 15/15 MP: 0/0
     6 | D:1      | Noticed an electric eel
   388 | D:1      | Reached XP level 2. HP: 11/21 MP: 0/0
  1368 | D:1      | Found Afabreesm's Antique Armour Boutique.
  1643 | D:1      | Reached XP level 3. HP: 20/25 MP: 0/0
  1643 | D:1      | Learned a level 1 spell: Summon Small Mammal
  1856 | D:1      | Quit the game

Illustrated notes

Levels and vault maps discovered:
D:1:      arrival_aquarium_a, layout_loops_corners, serial_shops,
          nicolae_diamond_shop, minmay_hedge_maze, st_stairs_9,
          minmay_pentomino_u4

Skill      XL: |  1  2 |
---------------+-------+-----
Stealth        | 2 |  2.0
Dodging        | |  2.7
Spellcasting   | |  2.6

Action                   || total
-------------------------++-------
 Cast: Foxfire           ||    57
Dodge: Dodged            ||     1

Table legend: (Time is in decaauts)
 A = Elapsed time spent in this place.
 B = Non-inter-level travel time spent in this place.
 C = Inter-level travel time spent in this place.
 D = Time resting spent in this place.
 E = Time spent auto-exploring this place.
 F = Levels seen in this place.
 G = Mean time per level.
                   A        B        C        D        E       F      G
               +--------+--------+--------+--------+--------+-----+--------+
         Total |   1856 |   1845 |     11 |    322 |   1425 |   1 | 1856.0 |
       Dungeon |   1856 |   1845 |     11 |    322 |   1425 |   1 | 1856.0 |
               +--------+--------+--------+--------+--------+-----+--------+

Top non-repeatable levels by time:
     D:1: 1856 daAuts
